 Dungeon Crawl Stone Soup version 0.29.1-1-gd02db6906a (webtiles) character file.

Game seed: 5512298083480629004

67 gelatine the Covered (level 4, -7/40 HPs)
             Began as a Minotaur Fighter on Sept 21, 2022.
             Mangled by Sigmund
             ... wielding a +2 vampiric scythe
              (12 damage)
             ... on level 2 of the Dungeon.
             The game lasted 00:02:48 (1234 turns).

gelatine the Covered (Minotaur Fighter)             Turns: 1234, Time: 00:02:48

Health: -7/40      AC:  7    Str: 23    XL:     4   Next: 0%
Magic:  3/3        EV:  9    Int:  5    God:
Gold:   107        SH:  4    Dex:  9    Spells: 3/3 levels left

rFire   . . .      SeeInvis .   a - +0 war axe
rCold   . . .      Faith    .   c - +0 buckler
rNeg    . . .      Spirit   .   b - +0 scale mail
rPois   .          Reflect  .   (helmet restricted)
rElec   .          Harm     .   (no cloak)
rCorr   .          Rampage  .   (no gloves)
Will    .....                   (no boots)
Stlth   ..........              h - amulet of the acrobat
HPRegen 0.13/turn               (no ring)
MPRegen 0.08/turn               (no ring)

@: no status effects
A: horns 2, retaliatory headbutt
a: no special abilities


You were on level 2 of the Dungeon.
You visited 1 branch of the dungeon, and saw 2 of its levels.

You collected 107 gold pieces.

Inventory:

Hand Weapons
 a - a +0 war axe (weapon)
Missiles
 m - 17 stones (quivered)
Armour
 b - a +0 scale mail (worn)
 c - a +0 buckler (worn)
Jewellery
 h - an amulet of the acrobat (around neck)
Scrolls
 e - a scroll of fear {unknown}
 f - 3 scrolls of teleportation {unknown}
 i - 5 scrolls of identify {unknown}
 k - a scroll of fog {unknown}
 n - a scroll of enchant weapon {unknown}
 o - a scroll of poison {unknown}
Potions
 d - a potion of might
 g - a potion of lignification {unknown}
 j - 2 potions of heal wounds {unknown}
 l - a potion of degeneration {unknown}


   Skills:
 + Level 4.0 Fighting
 + Level 3.6 Axes
 + Level 4.4 Armour
 + Level 0.8 Dodging
 + Level 0.2 Stealth
 + Level 4.0 Shields


You had 3 spell levels left.
You didn't know any spells.
Your spell library contained the following spells:

 Spells                   Type           Power      Damage    Failure   Level
 Dazzling Flash           Conj/Hex       0%         N/A       99%         3
 Iskenderun's Mystic Bla  Conj/Tloc      0%         2d3       100%        4
 Starburst                Conj/Fire      0%         6d3       100%        6


Dungeon Overview and Level Annotations

Branches:
Dungeon (2/15)

Altars:

Shops:
D:2 [

Annotations:
D:2 Sigmund


Innate Abilities, Weirdness & Mutations

You have a pair of horns on your head.
You reflexively headbutt those who attack you in melee.


Message History

Sigmund shouts!
Sigmund points at you and mumbles some strange words.
The puff of flame hits you. Sigmund casts a spell at you.
The magic dart hits you but does no damage.
There is an open door here.
An endoplasm comes into view.
Found 2 scrolls labelled RUYCOSI TIKAB.
The endoplasm quivers.
Sigmund casts a spell.
Sigmund flickers and vanishes!
Deactivating autopickup; reactivate with Ctrl-A.
You barely miss something. Your headbutt misses something. Something hits you!
You barely miss something. Your headbutt misses something.
You hear some strange, mumbled words.
You are confused.
You closely miss something. Your headbutt misses something. Something hits you!
You're too confused to move!
Something hits you. The endoplasm freezes you.
You are frozen.
* * * LOW HITPOINT WARNING * * *
You bump into the metal wall.
The endoplasm hits you.
* * * LOW HITPOINT WARNING * * *
You hear some strange, mumbled words.
Something tries to affect you, but you resist.
You barely miss something. Your headbutt misses something.
You hit the endoplasm.
You kill the endoplasm!
Something hits you but does no damage.
You have reached level 4!
You feel stronger.
You bump into the metal wall.
You hear some strange, mumbled words.
Something tries to affect you, but you resist.
You closely miss something.
You feel less confused. Something hits you but does no damage.
You closely miss something. You block something's attack.
You barely miss something. Something hits you!
You die...

## #?# .## .. ##
..########## #.# . ###.
...........## .. #.. ###...
............#
#.####...#####...##
........⌠.⌠.#
..#...###.#...#'#.
.........∩..#
#{..###...##.##..†
......†.⌠.⌠##
#@###...#..#..#..⌠
...........#
#'#...####.##.##..
...........# #...###
+..#..#.. ...........###
##.## ##.##.###
#............## #..#
#..#..#.
#....#######..####.##
##.##...
#######.........##..#
###...'.## ..#
#.........###.####...######
#.#
#.........###..#...###....#


There were no monsters in sight!

Vanquished Creatures
  A gnoll (D:1)
  An adder (D:2)
  A worm (D:2)
  6 bats
  3 endoplasms
  2 giant cockroaches (D:1)
  5 goblins
  8 hobgoblins
  3 kobolds
  3 quokkas
  A ball python (D:2)
  2 frilled lizards
  6 rats (D:1)
42 creatures vanquished.

Notes
Turn   | Place    | Note
-------+----------+-------------------------------------------
     0 | D:1      | gelatine the Minotaur Fighter began the quest for the Orb.
     0 | D:1      | Reached XP level 1. HP: 19/19 MP: 0/0
     6 | D:1      | Noticed a seven-headed hydra
     6 | D:1      | Noticed a polar bear
     6 | D:1      | Noticed a swamp worm
     7 | D:1      | Noticed a water moccasin
   196 | D:1      | Reached XP level 2. HP: 27/27 MP: 1/1
   448 | D:1      | Reached XP level 3. HP: 21/33 MP: 2/2
   802 | D:1      | Found a faded altar of an unknown god.
   898 | D:2      | Found Ufoq's Antique Armour Shoppe.
  1222 | D:2      | Noticed Sigmund
  1231 | D:2      | Reached XP level 4. HP: 4/40 MP: 3/3
  1234 | D:2      | Mangled by Sigmund

Illustrated notes

Levels and vault maps discovered:
D:1:      onia_arrival_zoo_common, layout_loops_ring,
          shapermc_ecumenical_altar_acropolis
D:2:      minmay_skewed_foursquare, layout_basic, serial_shops, shop_fountains,
          minmay_splitting_lines, uniq_sigmund

Skill      XL: |  1  2  3 |
---------------+----------+-----
Armour         | 4 |  4.4
Axes           | 3 |  3.6
Fighting       | 4 |  4.0
Shields        | 4 |  4.0
Dodging        | |  0.8
Stealth        | |  0.2

Action                   |  1- 3 |  4- 6 || total
-------------------------+-------+-------++-------
Melee: War axe           |    86 |     3 ||    89
       Headbutt          |     4 |       ||     4
Armor: Scale mail        |    43 |     1 ||    44
Dodge: Dodged            |    53 |       ||    53
Block: Buckler           |    19 |     1 ||    20
